[Event "Serbian League Women 2024"]
[Site "Bajina Basta"]
[Date "2024.09.28"]
[Round "2.20"]
[White "Eric, Jovana"]
[Black "Mijic, Sara"]
[Result "1-0"]
[ECO "C50"]
[WhiteElo "2162"]
[BlackElo "1993"]
[Annotator "ChessBase"]
[PlyCount "81"]
[EventDate "2024.09.26"]
[EventType "team-tourn"]
[EventCountry "SRB"]
[SourceTitle "playchess.com"]
[Source "ChessBase"]
[SourceQuality "1"]
[TimeControl "40/5400+30:1800+30"]

1. e4 e5 2. Nf3 Nc6 3. Bc4 Bc5 4. d3 Nf6 5. Nc3 h6 6. O-O d6 7. Na4 Bb6 8. c3 O-O 9. h3 Ne7 10. Nxb6 axb6 11. Re1 Ng6 12. d4 exd4 13. Qxd4 Re8 14. Bb3 b5 15. Bc2 c5 16. Qd3 Qb6 17. a3 Bd7 18. b4 Rad8 19. bxc5 dxc5 20. e5 Bg4 21. Qf1 Bxf3 22. Bxg6 Nd7 23. Bc2 Bd5 24. Qd3 Nf8 25. Qg3 Nd7 26. Bf4 Qe6 27. Rad1 Bc4 28. Rd6 Qxd6 29. exd6 Rxe1+ 30. Kh2 Kf8 31. Qh4 Nf6 32. Bxh6 Rxd6 33. Be3 b6 34. Qg3 Rd8 35. Qc7 Re8 36. Qxb6 Re2 37. Bd1 Re1 38. Bf3 Kg8 39. Qxc5 Ne4 40. Bxe4 Rxe4 41. Qc8+ 1-0

[Event "Serbian League Women 2024"]
[Site "Bajina Basta"]
[Date "2024.09.28"]
[Round "2.21"]
[White "Chelushkina, Irina"]
[Black "Gaponenko, Inna"]
[Result "0-1"]
[ECO "D02"]
[WhiteElo "2167"]
[BlackElo "2324"]
[Annotator "ChessBase"]
[PlyCount "82"]
[EventDate "2024.09.26"]
[EventType "team-tourn"]
[EventCountry "SRB"]
[SourceTitle "playchess.com"]
[Source "ChessBase"]
[SourceQuality "1"]
[TimeControl "40/5400+30:1800+30"]

1. Nf3 d5 2. d4 Nf6 3. Bf4 c5 4. c3 Nc6 5. e3 Qb6 6. Qb3 c4 7. Qc2 Bf5 8. Qc1 e6 9. Nbd2 h6 10. Be2 Be7 11. O-O O-O 12. Ne1 Rfc8 13. h3 Qd8 14. g4 Bh7 15. Ng2 b5 16. Re1 a5 17. Bf1 b4 18. f3 a4 19. a3 bxa3 20. bxa3 Na5 21. Ra2 Nb3 22. Qb2 Ra6 23. e4 Nxd2 24. Qxd2 dxe4 25. fxe4 Nxe4 26. Qc1 Rb6 27. Rae2 Rb3 28. Rxe4 Bxe4 29. Rxe4 Bxa3 30. Qa1 Qa5 31. Bd2 Bb2 32. Qa2 Bxc3 33. Bxc3 Rxc3 34. Ne3 Qb4 35. d5 Qc5 36. dxe6 fxe6 37. Qd2 Rxe3 38. Qxe3 Qxe3+ 39. Rxe3 c3 40. Bd3 c2 41. Bxc2 Rxc2 0-1

[Event "Serbian League Women 2024"]
[Site "Bajina Basta"]
[Date "2024.09.28"]
[Round "2.22"]
[White "Doluhanova, Evgeniya"]
[Black "Borisova, Ekaterina"]
[Result "0-1"]
[ECO "A40"]
[WhiteElo "2304"]
[BlackElo "2205"]
[Annotator "ChessBase"]
[PlyCount "72"]
[EventDate "2024.09.26"]
[EventType "team-tourn"]
[EventCountry "SRB"]
[SourceTitle "playchess.com"]
[Source "ChessBase"]
[SourceQuality "1"]
[TimeControl "40/5400+30:1800+30"]

1. c4 Nf6 2. Nc3 g6 3. Nf3 Bg7 4. e4 c5 5. d4 Qa5 6. Bd3 cxd4 7. Nxd4 Nc6 8. Nb3 Qc7 9. O-O d6 10. h3 O-O 11. Be3 Ne5 12. Nb5 Qb8 13. Rc1 Nxd3 14. Qxd3 b6 15. Nd2 Bb7 16. b4 Rd8 17. a4 Nd7 18. Bg5 Re8 19. Nb3 a6 20. Nc3 a5 21. bxa5 bxa5 22. Nb5 Nb6 23. Bd2 Nxa4 24. Bxa5 Rc8 25. Bb4 Nb2 26. Qe2 Ba6 27. Bc3 Bxc3 28. Rxc3 Nxc4 29. N3d4 Bxb5 30. Rb1 Na3 31. Rxb5 Nxb5 32. Nxb5 Ra1+ 33. Kh2 d5+ 34. g3 Rxc3 35. Nxc3 d4 36. Nd5 Qb1 0-1

[Event "Serbian League Women 2024"]
[Site "Bajina Basta"]
[Date "2024.09.28"]
[Round "2.23"]
[White "Mihailova, Alina"]
[Black "Petronic, Sanja"]
[Result "1/2-1/2"]
[ECO "A64"]
[WhiteElo "1969"]
[BlackElo "2081"]
[Annotator "NA"]
[PlyCount "132"]
[EventDate "2024.09.26"]
[EventType "team-tourn"]
[EventCountry "SRB"]
[SourceTitle "playchess.com"]
[Source "ChessBase"]
[SourceQuality "1"]
[TimeControl "40/5400+30:1800+30"]

1. d4 Nf6 2. c4 c5 3. d5 g6 4. Nf3 Bg7 5. Nc3 O-O 6. g3 e6 7. Bg2 exd5 8. cxd5 d6 9. O-O a6 10. a4 Nbd7 11. Nd2 Re8 12. Nc4 Ne5 13. Nxe5 Rxe5 14. Bf4 Re8 15. e4 Rb8 16. Re1 b5 17. axb5 axb5 18. e5 Nh5 19. exd6 Rxe1+ 20. Qxe1 Nxf4 21. gxf4 Qxd6 22. Nxb5 Qd7 23. Na7 Bb7 24. Nc6 Re8 25. Qc1 Qd6 26. h3 Bh6 27. Ra4 Bc8 28. Na5 Bd7 29. Nc6 Bf5 30. Qd2 Bg7 31. Na5 Qd7 32. Ra3 h5 33. d6 Be4 34. Re3 Bxg2 35. Rxe8+ Qxe8 36. Kxg2 Bd4 37. b3 Qe4+ 38. f3 Qe6 39. Nc4 h4 40. Kh2 Qf5 41. Kg2 Qb1 42. Ne3 Kf8 43. Qe2 Bxe3 44. Qxe3 Qc2+ 45. Qf2 Qxf2+ 46. Kxf2 Ke8 47. Ke3 Kd7 48. Ke4 Kxd6 49. f5 g5 50. f6 Ke6 51. Kd3 Kxf6 52. Kc4 Ke6 53. Kxc5 f5 54. Kd4 g4 55. fxg4 fxg4 56. Ke3 g3 57. b4 Kd5 58. b5 Kc5 59. b6 Kxb6 60. Ke2 Kc5 61. Ke3 Kd5 62. Kf3 Kd4 63. Kg2 Ke3 64. Kg1 Kf3 65. Kf1 g2+ 66. Kg1 Kg3 1/2-1/2

[Event "Serbian League Women 2024"]
[Site "Bajina Basta"]
[Date "2024.09.28"]
[Round "2.24"]
[White "Urosevic, Marija"]
[Black "Stankovic, Andrea"]
[Result "1-0"]
[ECO "A90"]
[WhiteElo "2060"]
[BlackElo "1856"]
[Annotator "NA"]
[PlyCount "93"]
[EventDate "2024.09.26"]
[EventType "team-tourn"]
[EventCountry "SRB"]
[SourceTitle "playchess.com"]
[Source "ChessBase"]
[SourceQuality "1"]
[TimeControl "40/5400+30:1800+30"]

1. d4 e6 2. c4 f5 3. g3 Nf6 4. Bg2 d5 5. Nf3 c6 6. b3 b6 7. O-O Bd6 8. Bb2 Bb7 9. Nbd2 O-O 10. Ne5 Qe7 11. Nd3 Nbd7 12. Nf3 c5 13. dxc5 bxc5 14. cxd5 exd5 15. e3 Rac8 16. Nf4 Nb6 17. a4 Nbd7 18. Qd3 c4 19. bxc4 dxc4 20. Qxf5 c3 21. Bc1 Nc5 22. Qc2 Nfe4 23. Nd4 Na6 24. Nb5 Bc5 25. Qb3+ Kh8 26. Nxc3 Rb8 27. Nxe4 Bxe4 28. Qe6 Bxg2 29. Qxe7 Bxe7 30. Kxg2 Rb3 31. Nd5 Bc5 32. e4 Re8 33. Re1 Bd4 34. Ra3 Rb1 35. Rd3 Be5 36. Rdd1 Ra1 37. Be3 Rxa4 38. Bxa7 Nb8 39. Bxb8 Bxb8 40. Rb1 h6 41. Re2 Bd6 42. f3 Rd4 43. Rbb2 Bb8 44. Ne3 Rd7 45. f4 Ba7 46. e5 g6 47. Ng4 1-0